SKY
LOS ANGELES DODGERS @ CALIFORNIA ANGELS
03/10/2052
 
TOP OF THE 1ST
Los Angeles Dodgers batting - Pitching for California Angels : LHP Jeremy Lawton
Pitching: LHP Jeremy Lawton
Batting: RHB Anderson Burney 0-0: Ball
1-0: Called Strike
1-1: Called Strike
1-2: Ground out 2-3 (Groundball, 15S, EV 66.3 MPH)
Batting: RHB Noah Summerville 0-0: Ball
1-0: Foul Ball, location: 2F
1-1: Foul Ball, location: 7LSF
1-2: Ball
2-2: Ball
3-2: Base on Balls
Batting: LHB Trent Veasey 0-0: Called Strike
0-1: Called Strike
0-2: Ball
1-2: Foul Ball, location: 23FF
1-2: Strikes out swinging
Batting: RHB Storm Ellis 0-0: Called Strike
0-1: Foul Ball, location: 9LSF
0-2: Foul Ball, location: 23F
0-2: Ball
1-2: Ball
2-2: Strikes out swinging
Top of the 1st over - 0 runs, 0 hits, 0 errors, 1 left on base; Los Angeles 0 - California 0
BOTTOM OF THE 1ST
California Angels batting - Pitching for Los Angeles Dodgers : RHP Mike Tuttle
Pitching: RHP Mike Tuttle
Batting: RHB Jess Granberg 0-0: Called Strike
0-1: Foul Ball, location: 3DF
0-2: Ball
1-2: Ball
2-2: Ground out 6-3 (Groundball, 6, EV 81.9 MPH)
Batting: RHB Tony Malone 0-0: Ball
1-0: Ball
2-0: Swinging Strike
2-1: Foul Ball, location: 25F
2-2: Foul Ball, location: 25F
2-2: Ground out 4-3 (Groundball, 4, EV 80.6 MPH)
Batting: LHB Wilfredo Ocanas 0-0: Swinging Strike
0-1: Called Strike
0-2: Ball
1-2: Ball
2-2: Ball
3-2: Ground out U3 (Groundball, 3S, EV 88.8 MPH)
Bottom of the 1st over - 0 runs, 0 hits, 0 errors, 0 left on base; Los Angeles 0 - California 0
TOP OF THE 2ND
Los Angeles Dodgers batting - Pitching for California Angels : LHP Jeremy Lawton
Batting: RHB Isaac Joseph 0-0: Ball
1-0: Ball
2-0: Ball
3-0: Called Strike
3-1: Base on Balls
Batting: RHB Jorge De La Paz 0-0: Called Strike
0-1: Ball
1-1: Bunted foul
1-2: Ball
2-2: Ball
3-2: Foul Ball, location: 2F
3-2: SINGLE (Groundball, 4MD, EV 97.5 MPH)
Isaac Joseph to second
Runner from 2nd tries for 3rd, SAFE, no throw by CF
Batting: LHB Andrew Sibold 0-0: Ball
1-0: Called Strike
1-1: Foul Ball, location: 7LSF
1-2: Strikes out swinging
Batting: RHB Benjamin Wilkins 0-0: SINGLE (Line Drive, 8LS, EV 92.5 MPH)
Isaac Joseph scores
Jorge De La Paz to second
Batting: SHB Jake Nathan 0-0: Ball
1-0: Called Strike
1-1: Ball
2-1: Ball
3-1: Swinging Strike
3-2: Strikes out swinging
Batting: RHB Anderson Burney 0-0: Swinging Strike
0-1: Fielders Choice at 2nd, 6-4 (Groundball, 6MD, EV 96.9 MPH)
Top of the 2nd over - 1 run, 2 hits, 0 errors, 2 left on base; Los Angeles 1 - California 0
BOTTOM OF THE 2ND
California Angels batting - Pitching for Los Angeles Dodgers : RHP Mike Tuttle
Batting: SHB Michael Dodson 0-0: Ball
1-0: Foul Ball, location: 2F
1-1: Swinging Strike
1-2: Ball
2-2: Foul Ball, location: 2F
2-2: Ball
3-2: Fly out, F9 (Flyball, 9D, EV 105.0 MPH)
Batting: RHB Luke Storey 0-0: Ball
1-0: SINGLE (Groundball, 6D, EV 103.1 MPH) (infield hit)
Batting: RHB Reed Sinclair 0-0: Ball
1-0: Ball
2-0: Ball
3-0: Called Strike
3-1: Foul Ball, location: 9LDF
3-2: Strikes out swinging
Batting: LHB Pirro Moran 0-0: Ball
1-0: Ball
2-0: Foul Ball, location: 3FF
2-1: Called Strike
2-2: Ball
3-2: Ground out 6-3 (Groundball, 6S, EV 73.8 MPH)
Bottom of the 2nd over - 0 runs, 1 hit, 0 errors, 1 left on base; Los Angeles 1 - California 0
TOP OF THE 3RD
Los Angeles Dodgers batting - Pitching for California Angels : LHP Jeremy Lawton
Batting: RHB Noah Summerville 0-0: Called Strike
0-1: Swinging Strike
0-2: Ball
1-2: Strikes out looking
Batting: LHB Trent Veasey 0-0: Ball
1-0: Ball
2-0: Ball
3-0: Called Strike
3-1: Fly out, F6 (Popup, 6M, EV 76.3 MPH)
Batting: RHB Storm Ellis 0-0: Called Strike
0-1: Ball
1-1: Ball
2-1: Ball
3-1: Fly out, F7 (Flyball, 7D, EV 93.1 MPH)
Top of the 3rd over - 0 runs, 0 hits, 0 errors, 0 left on base; Los Angeles 1 - California 0
BOTTOM OF THE 3RD
California Angels batting - Pitching for Los Angeles Dodgers : RHP Mike Tuttle
Batting: RHB Sam Hall 0-0: Ball
1-0: Ball
2-0: Called Strike
2-1: Foul Ball, location: 2F
2-2: DOUBLE (Groundball, 5L, EV 100.6 MPH)
Batting: RHB Todd Newsome 0-0: Ball
1-0: Ball
2-0: Foul Ball, location: 25F
2-1: Swinging Strike
2-2: Foul Ball, location: 5SF
2-2: Ball
3-2: Strikes out looking
Pitching: LHP B.J. Jonas
Batting: RHB Jess Granberg 0-0: Ball
1-0: Called Strike
1-1: Foul Ball, location: 2F
1-2: Foul Ball, location: 7LMF
1-2: Foul Ball, location: 9LDF
1-2: 2-RUN HOME RUN (Flyball, 7D, EV 104.4 MPH), Distance : 409 ft
Batting: RHB Tony Malone 0-0: Ball
1-0: Swinging Strike
1-1: Ball
2-1: Ball
3-1: Swinging Strike
3-2: Ground out 4-3 (Groundball, 4MS, EV 75.0 MPH)
Batting: LHB Wilfredo Ocanas 0-0: Ball
1-0: Ground out U3 (Groundball, 3S, EV 86.3 MPH)
Bottom of the 3rd over - 2 runs, 2 hits, 0 errors, 0 left on base; Los Angeles 1 - California 2
TOP OF THE 4TH
Los Angeles Dodgers batting - Pitching for California Angels : LHP Jeremy Lawton
Pitching: RHP Richie Wahl
Batting: RHB Isaac Joseph 0-0: Called Strike
0-1: Swinging Strike
0-2: Strikes out swinging
Batting: RHB Jorge De La Paz 0-0: Ball
1-0: Ground out 6-3 (Groundball, 6, EV 90.6 MPH)
Batting: LHB Andrew Sibold 0-0: Ball
1-0: Called Strike
1-1: Swinging Strike
1-2: Strikes out swinging
Top of the 4th over - 0 runs, 0 hits, 0 errors, 0 left on base; Los Angeles 1 - California 2
BOTTOM OF THE 4TH
California Angels batting - Pitching for Los Angeles Dodgers : LHP B.J. Jonas
Batting: SHB Michael Dodson 0-0: Called Strike
0-1: Ball
1-1: Ball
2-1: Ball
3-1: Ground out 6-3 (Groundball, 6, EV 91.3 MPH)
Batting: RHB Luke Storey 0-0: Called Strike
0-1: Called Strike
0-2: Ball
1-2: Fly out, F8 (Flyball, 8RD, EV 94.4 MPH)
Batting: RHB Reed Sinclair 0-0: Called Strike
0-1: SINGLE (Line Drive, 7LS, EV 90.6 MPH)
Batting: LHB Pirro Moran 0-0: Called Strike
0-1: Ball
1-1: Ground out 6-3 (Groundball, 6S, EV 72.5 MPH)
Bottom of the 4th over - 0 runs, 1 hit, 0 errors, 1 left on base; Los Angeles 1 - California 2
TOP OF THE 5TH
Los Angeles Dodgers batting - Pitching for California Angels : RHP Richie Wahl
Pitching: RHP Jacob Jordan
Now in RF: Evan Wertz
Pinch Hitting: LHB Ray Fernández 0-0: Swinging Strike
0-1: Ball
1-1: Ball
2-1: Ball
3-1: Foul Ball, location: 7LSF
3-2: DOUBLE (Line Drive, 78M, EV 105.0 MPH)
Batting: SHB Jake Nathan 0-0: Ball
1-0: Swinging Strike
1-1: Ball
2-1: Ball
3-1: Called Strike
3-2: Strikes out swinging
Pinch Hitting: SHB Logan Begin 0-0: Ball
1-0: Ball
2-0: Called Strike
2-1: Foul Ball, location: 3DF
2-2: Fly out, F8 (Flyball, 8RM, EV 90.0 MPH)
Batting: RHB Noah Summerville 0-0: Ball
1-0: Ball
2-0: Foul Ball, location: 3FF
2-1: Foul Ball, location: 7LMF
2-2: Ball
3-2: Base on Balls
Batting: LHB Trent Veasey 0-0: Called Strike
0-1: Ball
1-1: Ball
2-1: Called Strike
2-2: Fly out, F7 (Flyball, 78D, EV 100.6 MPH)
Top of the 5th over - 0 runs, 1 hit, 0 errors, 2 left on base; Los Angeles 1 - California 2
BOTTOM OF THE 5TH
California Angels batting - Pitching for Los Angeles Dodgers : LHP B.J. Jonas
Pitching: RHP Nick Thompson
Now at C: Ian Saucedo
Now at 1B: Patrick Abshire
Now at 2B: Ray Fernández
Now at SS: Logan Begin
Now in LF: Vicente Beltre
Now in CF: Donovan Carr
Batting: RHB Sam Hall 0-0: Fly out, F9 (Line Drive, 9, EV 93.1 MPH)
Batting: RHB Todd Newsome 0-0: Called Strike
0-1: Ball
1-1: Swinging Strike
1-2: Ball
2-2: Foul Ball, location: 9LMF
2-2: Foul Ball, location: 2F
2-2: Foul Ball, location: 3DF
2-2: Strikes out looking
Pinch Hitting: LHB Adrian Phillips 0-0: Ball
1-0: Fly out, F7 (Flyball, 78M, EV 86.9 MPH)
Bottom of the 5th over - 0 runs, 0 hits, 0 errors, 0 left on base; Los Angeles 1 - California 2
TOP OF THE 6TH
Los Angeles Dodgers batting - Pitching for California Angels : RHP Jacob Jordan
Pitching: RHP Quentin Arndt
Now at C: Linden Ash
Now at 1B: Adrian Phillips
Now at 3B: Ernie Burroughs
Batting: RHB Patrick Abshire 0-0: Called Strike
0-1: Ground out 6-3 (Groundball, 56, EV 88.1 MPH)
Batting: RHB Isaac Joseph 0-0: Ball
1-0: Swinging Strike
1-1: SOLO HOME RUN (Flyball, 7D, EV 104.4 MPH), Distance : 403 ft
Pinch Hitting: LHB Jacob Jones 0-0: Swinging Strike
0-1: Ball
1-1: Fly out, F8 (Flyball, 8LD, EV 88.1 MPH)
Batting: RHB Vicente Beltre 0-0: Foul Ball, location: 9LSF
0-1: Ball
1-1: Ball
2-1: Swinging Strike
2-2: Foul Ball, location: 7LMF
2-2: Ground out 5-3 (Groundball, 56S, EV 85.6 MPH)
Top of the 6th over - 1 run, 1 hit, 0 errors, 0 left on base; Los Angeles 2 - California 2
BOTTOM OF THE 6TH
California Angels batting - Pitching for Los Angeles Dodgers : RHP Nick Thompson
Pitching: RHP Denny Kondo
Now at 3B: Jacob Jones
Pinch Hitting: RHB River Grote 0-0: Called Strike
0-1: Foul Ball, location: 5F
0-2: Strikes out swinging
Pinch Hitting: RHB Brian Calderon 0-0: Fly out, F7 (Line Drive, 7, EV 94.4 MPH)
Batting: RHB Evan Wertz 0-0: Swinging Strike
0-1: Ball
1-1: Called Strike
1-2: Ball
2-2: Strikes out swinging
Bottom of the 6th over - 0 runs, 0 hits, 0 errors, 0 left on base; Los Angeles 2 - California 2
TOP OF THE 7TH
Los Angeles Dodgers batting - Pitching for California Angels : RHP Quentin Arndt
Pitching: LHP Layton Whaley
Now in LF: Brian Calderon
Now in CF: River Grote
Batting: LHB Ray Fernández 0-0: Foul Ball, location: 2F
0-1: Foul Ball, location: 2F
0-2: Ball
1-2: Ball
2-2: Foul Ball, location: 2F
2-2: Foul Ball, location: 2F
2-2: Ball
3-2: Foul Ball, location: 9LDF
3-2: DOUBLE (Line Drive, 9LM, EV 91.3 MPH)
Batting: RHB Donovan Carr 0-0: Foul Ball, location: 2RF
0-1: Ball
1-1: Ball
2-1: Swinging Strike
2-2: Ball
3-2: Ground out 6-3 (Groundball, 6, EV 86.9 MPH)
Ray Fernández to third
Batting: SHB Logan Begin 0-0: Called Strike
0-1: Fly out, F9 (Flyball, 9, EV 92.5 MPH)
Runner from 3rd tags up, SCORES, throw by RF
Batting: RHB Ian Saucedo 0-0: SINGLE (Line Drive, 78S, EV 106.3 MPH)
Batting: LHB Trent Veasey 0-0: Foul Ball, location: 2RF
0-1: Called Strike
0-2: Fly out, F3 (Line Drive, 3L, EV 65.6 MPH)
Top of the 7th over - 1 run, 2 hits, 0 errors, 1 left on base; Los Angeles 3 - California 2
BOTTOM OF THE 7TH
California Angels batting - Pitching for Los Angeles Dodgers : RHP Denny Kondo
Pitching: LHP Markel Saud
Batting: RHB Linden Ash 0-0: Called Strike
0-1: Ground out U3 (Groundball, 34D, EV 95.0 MPH)
Batting: RHB Miguel Ángel Limon 0-0: SINGLE (Groundball, 4MD, EV 109.4 MPH)
Pinch Hitting: LHB Drury Robinson 0-0: Called Strike
0-1: Foul Ball, location: 2F
0-2: Ball
1-2: Ball
2-2: Strikes out looking
Pinch Hitting: RHB Isaac Keenan 0-0: Ball
1-0: Ball
2-0: Called Strike
2-1: Called Strike
2-2: Strikes out swinging
Bottom of the 7th over - 0 runs, 1 hit, 0 errors, 1 left on base; Los Angeles 3 - California 2
TOP OF THE 8TH
Los Angeles Dodgers batting - Pitching for California Angels : LHP Layton Whaley
Pitching: RHP Xavier Morreno
Now at 2B: Isaac Keenan
Now at SS: Drury Robinson
Batting: RHB Patrick Abshire 0-0: Ground out 1-3 (Groundball, 15S, EV 66.9 MPH)
Batting: RHB Isaac Joseph 0-0: Ball
1-0: Ball
2-0: Foul Ball, location: 23F
2-1: Called Strike
2-2: Ball
3-2: Foul Ball, location: 7LSFF
3-2: Base on Balls
Batting: LHB Jacob Jones 0-0: Foul Ball, location: 5FF
0-1: Foul Ball, location: 2F
0-2: Strikes out looking
Pinch Hitting: LHB Roberto Gómez 0-0: Ball
1-0: Ball
2-0: Called Strike
2-1: DOUBLE (Flyball, 78D, EV 93.1 MPH)
Isaac Joseph to third
Pinch Hitting: RHB Christian LeTourneau 0-0: Ball
1-0: Called Strike
1-1: Called Strike
1-2: Fly out, F4 (Popup, 4M, EV 77.5 MPH)
Top of the 8th over - 0 runs, 1 hit, 0 errors, 2 left on base; Los Angeles 3 - California 2
BOTTOM OF THE 8TH
California Angels batting - Pitching for Los Angeles Dodgers : LHP Markel Saud
Pitching: LHP Joseph Sharkey
Now at 2B: Logan Begin
Now at SS: Christian LeTourneau
Now in LF: Griffin Johnston
Batting: RHB Ernie Burroughs 0-0: Ball
1-0: Ball
2-0: Ball
3-0: Called Strike
3-1: Ground out 4-3 (Groundball, 34, EV 91.3 MPH)
Batting: LHB Adrian Phillips 0-0: Called Strike
0-1: Ball
1-1: Ball
2-1: Foul Ball, location: 3FF
2-2: Fly out, F8 (Flyball, 8LM, EV 86.3 MPH)
Batting: RHB River Grote 0-0: Called Strike
0-1: Foul Ball, location: 7LMF
0-2: Ball
1-2: Ball
2-2: Fly out, F8 (Flyball, 8RXD, EV 110.0 MPH)
Bottom of the 8th over - 0 runs, 0 hits, 0 errors, 0 left on base; Los Angeles 3 - California 2
TOP OF THE 9TH
Los Angeles Dodgers batting - Pitching for California Angels : RHP Xavier Morreno
Pitching: LHP Brent Sanders
Batting: RHB Donovan Carr 0-0: Ball
1-0: Foul Ball, location: 7LSF
1-1: Ball
2-1: Swinging Strike
2-2: Ball
3-2: Base on Balls
Batting: SHB Logan Begin 0-0: Ball
1-0: Swinging Strike
1-1: Fly out, F7 (Flyball, 78M, EV 83.8 MPH)
Batting: RHB Ian Saucedo 0-0: Foul Ball, location: 2RF
0-1: Called Strike
Donovan Carr steals 2nd base
0-2: Ball
1-2: Ball
2-2: Foul Ball, location: 9LMF
2-2: Foul Ball, location: 2F
2-2: Ball
3-2: Fly out, F9 (Flyball, 9S, EV 84.4 MPH)
Batting: LHB Trent Veasey 0-0: Ball
1-0: Foul Ball, location: 23FF
1-1: Foul Ball, location: 3F
1-2: Ball
2-2: Strikes out swinging, 2-3 out at first.
Top of the 9th over - 0 runs, 0 hits, 0 errors, 1 left on base; Los Angeles 3 - California 2
BOTTOM OF THE 9TH
California Angels batting - Pitching for Los Angeles Dodgers : LHP Joseph Sharkey
Pitching: RHP Aiden Cohen
Pinch Hitting: LHB Sebastian Hines 0-0: Called Strike
0-1: Foul Ball, location: 2F
0-2: Foul Ball, location: 23FF
0-2: Foul Ball, location: 5SF
0-2: Foul Ball, location: 2F
0-2: Foul Ball, location: 2F
0-2: Hit by Pitch
Pinch Hitting: LHB Marco Menchaca 0-0: Ball
1-0: Fly out, F6 (Line Drive, 6, EV 66.9 MPH)
Pinch Hitting: LHB Micah Chaplin 0-0: Ball
1-0: Fielders Choice at 2nd, 4-6 (Groundball, 4, EV 84.4 MPH)
Batting: RHB Miguel Ángel Limon 0-0: Swinging Strike
0-1: Fielders Choice at 2nd, U6 (Groundball, 4MD, EV 102.5 MPH)
Bottom of the 9th over - 0 runs, 0 hits, 0 errors, 1 left on base; Los Angeles 3 - California 2
Saturday, April 13th , 2024 - OOTP Baseball 24.11 Build 85